 Dungeon Crawl Stone Soup version 0.22-a0-247-gbddf880 (webtiles) character file.

10 Amnesiac the Charlatan (level 2, -1/16 HPs)
             Began as a Deep Elf Artificer on Feb 25, 2018.
             Slain by an adder (2 damage)
             ... on level 4 of the Dungeon.
             The game lasted 00:03:47 (426 turns).

Amnesiac the Charlatan (Deep Elf Artificer)          Turns: 426, Time: 00:03:48

Health: -1/16      AC:  5    Str:  9    XL:     2   Next: 10%
Magic:  7/7        EV: 11    Int: 15    God:
Gold:   16         SH:  0    Dex: 15    Spells: 1/1 levels left

rFire    . . .     SeeInvis .   a - +0 short sword
rCold    . . .     Gourm    .   (no shield)
rNeg     . . .     Faith    .   h - +0 ring mail
rPois    .         Spirit   .   (no helmet)
rElec    .         Reflect  .   (no cloak)
rCorr    .         Harm     .   (no gloves)
MR       .....                  (no boots)
Stlth    +.........             (no amulet)
HPRegen  0.05/turn              (no ring)
MPRegen  0.10/turn              (no ring)

@: no status effects
A: no striking features
a: no special abilities


You were on level 4 of the Dungeon.
You were not hungry.

You visited 1 branch of the dungeon, and saw 4 of its levels.

You collected 16 gold pieces.

Inventory:

Hand Weapons
 a - a +0 short sword (weapon)
Armour
 h - a +0 ring mail (worn)
Wands
 c - a wand of flame (15)
 d - a wand of enslavement (15)
 e - a wand of random effects (15)
Scrolls
 b - a scroll of amnesia {!r, unknown}
Comestibles
 f - a ration
 g - a chunk of flesh


   Skills:
 - Level 0.7 Fighting
 - Level 1.0 Short Blades
 - Level 2.4 Dodging
 - Level 1.2 Stealth
 + Level 4.0 Evocations


You had one spell level left.
You didn't know any spells.

Dungeon Overview and Level Annotations

Branches:
Dungeon (4/15)
 Temple: D:4-7

Altars:
Gozag

Annotations:
D:3 Anon1729's ghost, novice OpEE


Message History

The frilled lizard hisses angrily.
The frilled lizard hisses.
You closely miss the frilled lizard. The frilled lizard bites you.
You barely miss the frilled lizard.
The frilled lizard bites you but does no damage.
You hit the frilled lizard.
You kill the frilled lizard!
You enter the shallow water.
Moving in this stuff is going to be slow.
You see here a frilled lizard corpse.
You butcher the frilled lizard corpse.
g - a chunk of flesh Your unstable footing causes you to fumble your attack.
You enter the shallow water.
Moving in this stuff is going to be slow.
The worm closely misses you. The worm bites you!
Ouch! That really hurt!
* * * LOW HITPOINT WARNING * * *
The worm splashes around in the water.
Found a robe.
A bat comes into view.
A bat is nearby!
The bat hits you but does no damage.
You miss the bat. The bat misses you. The bat barely misses you.
You hit the bat.
The bat is moderately wounded.
The bat hits you but does no damage.
You hit the bat.
The bat is severely wounded.
The bat hits you but does no damage.
You hit the bat.
You kill the bat!
You start resting.
A worm is nearby!
An adder and a player ghost come into view.
The adder hisses angrily.
Anon1729's ghost stares at you and mumbles some strange words.
The blast of sand hits you!
Ouch! That really hurt!
* * * LOW HITPOINT WARNING * * *
The adder bites you but does no damage.
Found a stone staircase leading down.
An orc comes into view. It is wielding a short sword.
The orc shouts!
The orc closely misses you. The adder closely misses you.
The orc hits you but does no damage. The orc hits you but does no damage.
There is a stone staircase leading down here.
The adder closely misses you. The orc hits you with a short sword.
* * * LOW HITPOINT WARNING * * *
You climb downwards. 3 orcs come into view.
An orc is wielding a whip of electrocution.
The orc shouts! x3
Found a bronze ring.
Found an opulent altar of Gozag.
There is a stone staircase leading up here.
Okay, then.
You aren't carrying any potions.
Unknown command.
An orc comes into view.
The orc shouts!
The adder bites you.
You die...

#.###### o
#.....<####...#
.=.....S@o..o...
######.o....o.o.
##.####...# ...
... .#.# . #.._.
# #.# ..


You could see an adder and 6 orcs.

Vanquished Creatures
  2 bats
  A giant cockroach (D:3)
  2 goblins (D:1)
  A hobgoblin (D:1)
  2 frilled lizards
  2 rats
10 creatures vanquished.

Notes
Turn   | Place    | Note
-------+----------+-------------------------------------------
     0 | D:1      | Amnesiac the Deep Elf Artificer began the quest for the Orb.
     0 | D:1      | Reached XP level 1. HP: 11/11 MP: 5/5
   215 | D:3      | Reached skill level 4 in Evocations
   215 | D:3      | Reached XP level 2. HP: 13/16 MP: 7/7
   414 | D:3      | Noticed Anon1729's ghost (novice OpEE)
   425 | D:4      | Found an opulent altar of Gozag.
   426 | D:4      | Slain by an adder

Vault maps used:
D:1:      elethiomel_arrival_quiet
D:2:      marbit_many_paths, bloody_trog
D:3:      first_ration, serial_bayou_lake_a
D:4:      minmay_misc_feat_doors, nicolae_gozag_cash_rules_everything_around_me

Skill      XL: |  1 |
---------------+----+-----
Evocations     | 4 |  4.0
Fighting       | |  0.7
Short Blades   | |  1.0
Dodging        | |  2.4
Stealth        | |  1.2

Action                   || total
-------------------------++-------
Melee: Short sword       ||    42
Armor: Ring mail         ||    16
       Leather armour    ||     4
Dodge: Dodged            ||    26

Table legend:
 A = Spawn XP
 B = Non-spawn XP
 C = Spawn XP percentage of total XP
 D = Spawn monster count
 E = Non-spawn monster count
 F = Spawn count percentage of total count
 G = Total turns spent on level
                    A         B        C        D         E        F      G
               +---------+---------+-------+---------+---------+-------+---------
         Total |       0 |      15 |   0.0 |       0 |      10 |   0.0 |   426
               +---------+---------+-------+---------+---------+-------+---------
           D:1 |       0 |       8 |   0.0 |       0 |       5 |   0.0 |   120
           D:2 |       0 |       2 |   0.0 |       0 |       1 |   0.0 |    65
           D:3 |       0 |       5 |   0.0 |       0 |       4 |   0.0 |   240
               +---------+---------+-------+---------+---------+-------+---------
